 Dungeon Crawl Stone Soup version 0.29.0-15-g675c0067aa (webtiles) character file.

Game seed: 17672013264403048021

240 qw the Chopper (level 6, -8/39 HPs)
             Began as a Gargoyle Fighter on Sept 13, 2022.
             Mangled by Duvessa
             ... wielding a +2 short sword of electrocution
              (12 damage)
             ... on level 4 of the Dungeon.
             The game lasted 00:01:26 (3461 turns).

qw the Chopper (Gargoyle Fighter)                   Turns: 3461, Time: 00:01:27

Health: -8/39      AC: 14    Str: 18 (21) XL:     6   Next: 8%
Magic:  6/6        EV: 10    Int:  8 (9)  God:
Gold:   75         SH:  4    Dex:  8 (9)  Spells: 5/5 levels left

rFire   . . .      SeeInvis .   Y - +1 war axe
rCold   . . .      Faith    .   c - +0 buckler
rNeg    + . .      Spirit   .   g - +0 chain mail
rPois   inf        Reflect  .   l - +0 helmet
rElec   +          Harm     .   (no cloak)
rCorr   .          Rampage  .   (no gloves)
Will    .....                   (no boots)
Stlth   ..........              (no amulet)
HPRegen 0.13/turn               o - +4 ring of evasion
MPRegen 0.10/turn               (no ring)

@: no status effects
A: sickness immunity, AC +4, negative energy resistance 1, electricity
resistance, torment resistance 1, petrification resistance
a: no special abilities


You were on level 4 of the Dungeon.
You visited 1 branch of the dungeon, and saw 4 of its levels.

You collected 195 gold pieces.
You spent 120 gold pieces at shops.


Innate Abilities, Weirdness & Mutations

You are immune to sickness and miasma.
Your stone body is resilient. (AC +4)
You are immune to poison.
You resist negative energy. (rN+)
You are resistant to electric shocks. (rElec)
You are resistant to unholy torment.
You are immune to petrification.


   Skills:
 - Level 4.4 Fighting
 + Level 5.0 Axes
 - Level 3.2 Armour
 - Level 3.2 Shields


You had 5 spell levels left.
You didn't know any spells.
Your spell library was empty.

Inventory:

Hand Weapons
 p - a +0 flail
 Y - a +1 war axe (weapon)
Armour
 a - a +0 pair of gloves
 c - a +0 buckler (worn)
 g - a +0 chain mail (worn)
 l - a +0 helmet (worn)
Jewellery
 f - a +4 ring of slaying {mikee}
 o - a +4 ring of evasion (left hand)
Scrolls
 b - a scroll of identify
Potions
 d - a potion of might
 e - a potion of brilliance {unknown}
 h - 2 potions of mutation {unknown}
 i - 4 potions of attraction
 j - a potion of curing
 n - a potion of berserk rage {unknown}

Dungeon Overview and Level Annotations

Branches:
Dungeon (4/15)
 Temple: D:4-7

Altars:
Vehumet

Shops:
D:2 :   D:3 !

Annotations:
D:4 Duvessa


Message History

Dowan casts a spell at you. The puff of frost hits you.
You hit Dowan.
You kill Dowan!
You hear a distant scream of rage.
You feel your dexterity returning.
Your Fighting skill increases to level 4!
You have reached level 6!
You start resting.
HP restored.
Things that are here:
a +1 dagger of flaming; a +0 robe; the elf corpse of Dowan You see here a +0 short sword.
Found 3 atropa-tipped darts.
Duvessa, Sister of Dowan comes into view.
She is wielding a +2 short sword of electrocution.
Found a robe.
Duvessa shouts!
Duvessa goes berserk!
A phantom comes into view.
Duvessa rages.
f - a +4 ring of slaying {mikee} Duvessa barely misses you.
You closely miss Duvessa. Duvessa hits you but does no damage.
Duvessa hits you with a +2 short sword of electrocution.
You closely miss Duvessa. You slash the phantom!
Duvessa hits you with a +2 short sword of electrocution!
You block the phantom's attack.
Duvessa hits you with a +2 short sword of electrocution!
You barely miss the phantom.
The phantom is moderately damaged.
You slash Duvessa! Duvessa hits you but does no damage.
The phantom hits you but does no damage.
Duvessa hits you with a +2 short sword of electrocution!
You hit the phantom.
The phantom is heavily damaged.
You hit Duvessa.
Duvessa hits you with a +2 short sword of electrocution!
You die...

####..).###.).#
>....%### #.#######
####.## #.#.....#
...#.# #.#....[#
##...######.#.....#
##.........#.....#
#.######........#
#.# #.........#
###.# #.......@.#
....# #......We.#
....# ......#.....#
....##......(.....#
.......~~~¤~~¤~¤..#
....##.~..........#
....##.~.~~~~~.~..#
##### .~.~...~.~..#


You could see Duvessa (berserk) and a phantom.

Vanquished Creatures
  Dowan (D:4)
  2 orc wizards (D:3)
  Robin (D:3)
  5 adders
  3 dart slugs
  5 orcs (D:3)
  6 endoplasms
  A giant cockroach (D:1)
  9 goblins
  12 hobgoblins
  5 quokkas
  6 ball pythons
  5 bats
  2 frilled lizards
  6 kobolds
  4 rats
73 creatures vanquished.

Notes
Turn   | Place    | Note
-------+----------+-------------------------------------------
     0 | D:1      | qw the Gargoyle Fighter began the quest for the Orb.
     0 | D:1      | Reached XP level 1. HP: 14/14 MP: 1/1
     0 | D:1      | 0 ||| qw: Version: 0.1-a-119-g272c26d
     0 | D:1      | 0 ||| qw: Game counter: 11058
     0 | D:1      | 0 ||| qw: Always use a shield: true
     0 | D:1      | 0 ||| qw: God list: Okawaru
     0 | D:1      | 0 ||| qw: Allow faded altars: false
     0 | D:1      | 0 ||| qw: Do Orc after D:15 true
     0 | D:1      | 0 ||| qw: Do second Lair branch before Depths: true
     0 | D:1      | 0 ||| qw: Lair rune preference: random
     0 | D:1      | 0 ||| qw: Plans: Normal, Zot, God:TSO, Crypt, Tomb, Pan,
                  | Slime, Hells, Zig, Abyss, Orb
     0 | D:1      | 0 ||| PLANNING D:1-11
   116 | D:1      | Reached skill level 2 in Axes
   294 | D:1      | Reached XP level 2. HP: 19/19 MP: 2/2
   474 | D:1      | 474 ||| Stepping ~*~*~tactically~*~*~ (stealth).
   639 | D:1      | 639 ||| Stepping ~*~*~tactically~*~*~ (hiding).
   698 | D:1      | Reached skill level 3 in Axes
   771 | D:1      | Reached XP level 3. HP: 23/23 MP: 3/3
  1040 | D:1      | 1040 ||| UPGRADING to +0 chain mail.
  1050 | D:1      | 1050 ||| DROPPING +0 scale mail.
  1051 | D:1      | 1051 ||| READING scroll labelled ZUGAGUDASSO.
  1102 | D:2      | 1102 ||| FLEEEEING.
  1108 | D:2      | 1108 ||| STAIRDANCE
  1160 | D:2      | Found Tumuunoi's Book Emporium.
  1203 | D:2      | 1203 ||| DROPPING +0 club.
  1595 | D:2      | 1595 ||| Stepping ~*~*~tactically~*~*~ (stealth).
  1596 | D:2      | 1596 ||| Stepping ~*~*~tactically~*~*~ (stealth).
  1780 | D:2      | Reached XP level 4. HP: 28/28 MP: 4/4
  1897 | D:2      | 1897 ||| READING scroll labelled XIPNU HUISO.
  1898 | D:2      | 1898 ||| READING scroll labelled HECYAZ RERGH.
  1950 | D:3      | Found Asta's Distillery.
  1957 | D:3      | 1957 ||| BUYING potion of attraction (30 gold).
  1957 | D:3      | Bought a potion of attraction for 30 gold pieces
  1957 | D:3      | 1957 ||| BUYING potion of attraction (30 gold).
  1957 | D:3      | Bought a potion of attraction for 30 gold pieces
  1957 | D:3      | 1957 ||| BUYING potion of attraction (30 gold).
  1957 | D:3      | Bought a potion of attraction for 30 gold pieces
  1957 | D:3      | 1957 ||| SHOPLISTING potion of cancellation (80 gold, have
                  | 30).
  1957 | D:3      | 1957 ||| BUYING potion of curing (30 gold).
  1957 | D:3      | Bought a potion of curing for 30 gold pieces
  1957 | D:3      | 1957 ||| SHOPLISTING potion of curing (30 gold, have 0).
  1957 | D:3      | 1957 ||| SHOPLISTING potion of lignification (30 gold, have
                  | 0).
  1957 | D:3      | 1957 ||| SHOPLISTING potion of might (40 gold, have 0).
  1957 | D:3      | 1957 ||| SHOPLISTING potion of mutation (80 gold, have 0).
  2025 | D:3      | 2025 ||| Stepping ~*~*~tactically~*~*~ (stealth).
  2028 | D:3      | 2028 ||| Stepping ~*~*~tactically~*~*~ (hiding).
  2036 | D:3      | Reached skill level 4 in Axes
  2036 | D:3      | 2036 ||| Stepping ~*~*~tactically~*~*~ (stealth).
  2092 | D:3      | Noticed Robin
  2093 | D:3      | 2093 ||| Stepping ~*~*~tactically~*~*~ (stealth).
  2134 | D:3      | 2134 ||| Stepping ~*~*~tactically~*~*~ (stealth).
  2143 | D:3      | Killed Robin
  2206 | D:3      | 2206 ||| Stepping ~*~*~tactically~*~*~ (stealth).
  2577 | D:3      | Found a faded altar of an unknown god.
  2599 | D:3      | Reached XP level 5. HP: 13/32 MP: 5/5
  2609 | D:3      | HP: 7/32 [something (2)]
  2612 | D:3      | 2612 ||| DRINKING 2 potions of curing.
  2612 | D:3      | 2612 ||| (to cure confusion)
  2615 | D:3      | Reached skill level 5 in Axes
  2804 | D:3      | 2804 ||| DROPPING +0 mace.
  2865 | D:3      | Found a radiant altar of Vehumet.
  2867 | D:3      | 2867 ||| Stepping ~*~*~tactically~*~*~ (stealth).
  2868 | D:3      | 2868 ||| Stepping ~*~*~tactically~*~*~ (stealth).
  3006 | D:3      | 3006 ||| UPGRADING to +0 helmet.
  3011 | D:3      | 3011 ||| UPGRADING to +4 ring of evasion.
  3012 | D:3      | 3012 ||| READING 2 scrolls labelled QIMUAHERCHE.
  3013 | D:3      | 3013 ||| READING 2 scrolls labelled KIYCVUZ DAIPI.
  3014 | D:3      | 3014 ||| READING 3 scrolls labelled VUQYOLL ZUUSH.
  3015 | D:3      | 3015 ||| READING scroll labelled KOEFEK DIGU.
  3070 | D:3      | 3070 ||| DRINKING 2 silvery potions.
  3071 | D:3      | 3071 ||| DROPPING scroll of magic mapping.
  3072 | D:3      | 3072 ||| DROPPING potion of degeneration.
  3073 | D:3      | 3073 ||| DROPPING scroll of poison.
  3074 | D:3      | 3074 ||| DROPPING 2 scrolls of vulnerability.
  3325 | D:4      | Noticed Dowan
  3326 | D:4      | 3326 ||| Stepping ~*~*~tactically~*~*~ (hiding).
  3327 | D:4      | 3327 ||| Stepping ~*~*~tactically~*~*~ (hiding).
  3328 | D:4      | 3328 ||| Stepping ~*~*~tactically~*~*~ (hiding).
  3336 | D:4      | 3336 ||| Stepping ~*~*~tactically~*~*~ (hiding).
  3346 | D:4      | Killed Dowan
  3347 | D:4      | Reached XP level 6. HP: 26/39 MP: 6/6
  3451 | D:4      | Noticed Duvessa
  3460 | D:4      | HP: 4/39 [Duvessa/+2 short sword of electrocution (8)]
  3461 | D:4      | Mangled by Duvessa

Levels and vault maps discovered:
D:1:      kilobyte_arrival_exit_the_forest, layout_basic,
          kennysheep_decorative_pillar
D:2:      layout_basic, serial_shops, nicolae_shop_stone
D:3:      layout_basic, mainiacjoe_overflow_24_doors,
          shapermc_ecumenical_altar_totnotflames, serial_shops,
          nicolae_shop_trees, uniq_robin
D:4:      layout_rooms, tso_altar, mainiacjoe_overflow_concentric_impassable,
          kennysheep_okawaru_gauntlet, uniq_duvessa

Skill      XL: |  1  2  3  4  5 |
---------------+----------------+-----
Axes           | 2 3 4 5 |  5.0
Fighting       | 4 |  4.4
Armour         | |  3.2
Shields        | |  3.2

Action                   |  1- 3 |  4- 6 || total
-------------------------+-------+-------++-------
Melee: War axe           |   117 |   143 ||   260
Throw: Boomerang         |       |     2 ||     2
  Use: Scroll            |     1 |     6 ||     7
       Potion            |       |     2 ||     2
Armor: Scale mail        |    34 |       ||    34
       Chain mail        |    29 |    92 ||   121
Dodge: Dodged            |    44 |    57 ||   101
Block: Buckler           |    18 |    30 ||    48

Table legend:
 A = Non-vault XP
 B = Vault XP
 C = Vault XP percentage of total XP
 D = Non-vault monster count
 E = Vault monster count
 F = Vault count percentage of total count
                 A         B        C        D         E       F
            +---------+---------+-------+---------+---------+-------
      Total |     242 |     101 |  29.4 |      61 |      12 |  16.4
            +---------+---------+-------+---------+---------+-------
        D:1 |      36 |       0 |   0.0 |      19 |       0 |   0.0
        D:2 |      47 |       0 |   0.0 |      18 |       0 |   0.0
        D:3 |     127 |      35 |  21.6 |      19 |      11 |  36.7
        D:4 |      32 |      66 |  67.3 |       5 |       1 |  16.7
            +---------+---------+-------+---------+---------+-------
